 Dungeon Crawl Stone Soup version 0.28-a0-773-g130ae17fe5 (webtiles) character file.

Game seed: 17326434175690571686

0 meatgazer the Skirmisher (level 1, -3/18 HPs)
             Began as a Demonspawn Abyssal Knight on Nov 1, 2021.
             Was a Follower of Lugonu.
             Killed from afar by a smoke demon (7 damage)
             ... with a sticky flame
             ... on level 1 of the Abyss.
             The game lasted 00:00:29 (237 turns).

meatgazer the Skirmisher (Demonspawn Abyssal Knight) Turns: 237, Time: 00:00:30

Health: -3/18      AC:  3    Str: 13    XL:     1   Next: 0%
Magic:  2/2        EV: 11    Int: 11    God:    Lugonu [*.....]
Gold:   0          SH:  0    Dex: 13    Spells: 0/0 levels left

rFire   . . .      SeeInvis .   a - +1 falchion
rCold   . . .      Faith    .   (no shield)
rNeg    . . .      Spirit   .   b - +0 leather armour
rPois   .          Reflect  .   (no helmet)
rElec   .          Harm     .   (no cloak)
rCorr   .          Rampage  .   (no gloves)
Will    .....                   (no boots)
Stlth   +.........              (no amulet)
HPRegen 0.06/turn               (no ring)
MPRegen 0.08/turn               (no ring)

@: on fire, glowing
A: no striking features
a: Renounce Religion, Depart the Abyss


You were on level 1 of the Abyss.
You worshipped Lugonu.
Lugonu was aware of your devotion.
You visited 0 branches of the dungeon, and saw 0 of its levels.
You visited the Abyss 1 time.

Inventory:

Hand Weapons
 a - a +1 falchion (weapon)
Armour
 b - a +0 leather armour (worn)


   Skills:
 + Level 3.0 Fighting
 + Level 1.7 Long Blades
 + Level 1.7 Armour
 + Level 0.8 Dodging
 + Level 2.4 Invocations


You couldn't memorise any spells.
You didn't know any spells.
Your spell library was empty.

Dungeon Overview and Level Annotations

Branches:
Dungeon (0/15)

Altars:


Message History

Welcome, meatgazer the Demonspawn Abyssal Knight.
Are you destined to find the wondrous Orb of Zot, or to die trying?
Lugonu says: Depart the Abyss and spread corruption, my servant! (use the ability menu to exit the Abyss) Press ? for a list of commands and other information.
Found a corrupted altar of Lugonu.
A lurking horror comes into view.
You slash the lurking horror!
Your body is wracked with pain!
You start resting.
You are suddenly pulled into a different region of the Abyss!
Found a corrupted altar of Lugonu.
HP restored.
Found a blossoming altar of Fedhas.
There is a corrupted altar of Lugonu here.
There is a blossoming altar of Fedhas here.
Found a spear.
A small abomination comes into view.
A smoke demon comes into view.
The smoke demon moves out of view.
The smoke demon roars!
You hear a roar!
The smoke demon gestures at you. Something smites you!
Ouch! That really hurt!
* * * LOW HITPOINT WARNING * * *
The smoke demon gestures at you. The sticky flame hits you!
You are covered in liquid flames!
You die...

#..#.##..#........
... ..#..## #...##..#
..# .. #...
....##.##..##..##..
ยง
...#..###............
.....
#.#............. . .
. #.....##..##..# ..#
...#...##..##..##..
.#.
.#.###..............
. # #
..##......@....... .
. #
..#...##..##..##..
.## #...#...##..# ..#
.###..#........ ... .
.##.# .3.... ... . .
#...... .... #
...##..## . ##. #..


You could see a smoke demon.

Vanquished Creatures
  A lurking horror (Abyss:1)
1 creature vanquished.

Notes
Turn   | Place    | Note
-------+----------+-------------------------------------------
     0 | Abyss:1  | meatgazer the Demonspawn Abyssal Knight began the quest for
                  | the Orb.
     0 | Abyss:1  | Reached XP level 1. HP: 18/18 MP: 2/2
   149 | Abyss:1  | Found a corrupted altar of Lugonu.
   184 | Abyss:1  | Found a blossoming altar of Fedhas.
   230 | Abyss:1  | Noticed a small abomination
   235 | Abyss:1  | Noticed a smoke demon
   237 | Abyss:1  | Killed from afar by a smoke demon

Illustrated notes

Levels and vault maps discovered:
Abyss:1:  base: Temple, base:
Temple

Action                   || total
-------------------------++-------
Melee: Falchion          ||     1

Table legend: (Time is in decaauts)
 A = Elapsed time spent in this place.
 B = Non-inter-level travel time spent in this place.
 C = Inter-level travel time spent in this place.
 D = Time resting spent in this place.
 E = Time spent auto-exploring this place.
 F = Levels seen in this place.
 G = Mean time per level.
                   A        B        C        D        E       F      G
               +--------+--------+--------+--------+--------+-----+--------+
         Total |    237 |    237 |      0 |     97 |    128 |   1 |  237.0 |
         Abyss |    237 |    237 |      0 |     97 |    128 |   1 |  237.0 |
               +--------+--------+--------+--------+--------+-----+--------+

Top non-repeatable levels by time:
 Abyss:1: 237 daAuts
